 Dungeon Crawl Stone Soup version 0.22-a0-48-g8770677 (webtiles) character file.

4587 gmonis the Basher (level 10, -3/84 HPs)
             Began as a Minotaur Berserker on Jan 7, 2018.
             Was a High Priest of Trog.
             Killed from afar by an orc wizard (5 damage)
             ... with a puff of flame
             ... on level 8 of the Dungeon.
             The game lasted 00:18:44 (8654 turns).

gmonis the Basher (Minotaur Berserker)              Turns: 8654, Time: 00:18:44

Health: -3/84      AC: 14    Str: 24    XL:     10   Next: 18%
Magic:  0/9        EV:  8    Int:  4    God:    Trog [*****.]
Gold:   354        SH:  0    Dex: 11    Spells: 9/9 levels left

rFire    . . .     SeeInvis .   N - +6 battleaxe (chop)
rCold    + . .     Gourm    .   (shield currently unavailable)
rNeg     + . .     Faith    +   w - +0 plate armour
rPois    .         Spirit   +   (helmet restricted)
rElec    .         Reflect  .   H - scarf {Spirit}
rCorr    .         Harm     .   (no gloves)
MR       .....                  L - +0 pair of boots
Stlth    ..........             d - amulet of faith
HPRegen  0.24/turn              u - ring of protection from cold
MPRegen  0.11/turn              o - ring of positive energy

@: lethally poisoned (-3 -> -7), about to teleport, starving
A: retaliatory headbutt, horns 2
a: Berserk, Trog's Hand, Brothers in Arms, Burn Spellbooks, Renounce Religion


You were on level 8 of the Dungeon.
You worshipped Trog.
Trog was extremely pleased with you.
You were starving.

You visited 2 branches of the dungeon, and saw 9 of its levels.
You also visited: Sewer.

You collected 354 gold pieces.

Inventory:

Hand Weapons
 a - a +0 mace
 F - a -3 hunting sling
 N - a +6 battleaxe of chopping (weapon)
Missiles
 f - 379 stones (quivered)
Armour
 b - a +0 animal skin
 l - a +0 leather armour
 w - a +0 plate armour (worn)
 H - a scarf of spirit shield (worn)
 L - a +0 pair of boots (worn)
Jewellery
 d - an amulet of faith (around neck)
 e - an uncursed ring of stealth
 n - a +5 ring of intelligence
 o - a ring of positive energy (right hand)
 u - a ring of protection from cold (left hand)
Wands
 E - a wand of acid (19)
 I - a wand of flame (30)
Scrolls
 g - 3 scrolls of fog
 h - a scroll of noise {unknown}
 i - 6 scrolls of teleportation
 k - a scroll of magic mapping {unknown}
 m - 4 scrolls of enchant weapon {unknown}
 s - 6 scrolls of identify
 v - 4 scrolls of remove curse
 x - 2 scrolls of blinking {unknown}
 y - 6 scrolls of fear {unknown}
 C - a scroll of enchant armour {unknown}
 J - a scroll of torment {unknown}
 P - a scroll of summoning {unknown}
Potions
 j - 4 potions of lignification {unknown}
 p - 2 potions of haste {unknown}
 q - 2 potions of heal wounds {unknown}
 r - 3 potions of might {unknown}
 t - 5 potions of curing {unknown}
 z - a potion of magic {unknown}
 A - 4 potions of brilliance {unknown}
 D - 3 potions of flight {unknown}
 G - a potion of agility {unknown}
 M - a potion of mutation {unknown}
Books
 B - a book of Flames

   Spells                             Type                      Level
   a - Flame Tongue                   Conjuration/Fire             1
   b - Throw Flame                    Conjuration/Fire             2
   c - Conjure Flame                  Conjuration/Fire             3
   d - Inner Flame                    Hexes/Fire                   3
   e - Sticky Flame                   Conjuration/Fire             4
   f - Fireball                       Conjuration/Fire             5
   Trog disapproves of the use of such an item.
 K - a book of Flames

   Spells                             Type                      Level
   a - Flame Tongue                   Conjuration/Fire             1
   b - Throw Flame                    Conjuration/Fire             2
   c - Conjure Flame                  Conjuration/Fire             3
   d - Inner Flame                    Hexes/Fire                   3
   e - Sticky Flame                   Conjuration/Fire             4
   f - Fireball                       Conjuration/Fire             5
   Trog disapproves of the use of such an item.
Comestibles
 c - 10 rations
 O - 2 chunks of flesh


   Skills:
 - Level 6.6 Fighting
 + Level 4.8(10.5) Axes
 - Level 14.0(14.3) Maces & Flails
 - Level 7.9 Armour
 - Level 2.5 Dodging


You had 9 spell levels left.
You didn't know any spells.

Dungeon Overview and Level Annotations

Branches:
Dungeon (8/15)             Temple (1/1) D:7
   Lair: D:8-11

Altars:
Ashenzari
Cheibriados
Dithmenos
Elyvilon
Fedhas
Hepliaklqana
Makhleb
Nemelex Xobeh
Okawaru
Qazlal
Ru
Sif Muna
Trog
Vehumet
Wu Jian
Xom
Yredelemnul
Zin
The Shining One

Annotations:
D:8 KristoblXynda's ghost, novice NaGl


Innate Abilities, Weirdness & Mutations

You reflexively headbutt those who attack you in melee.
You have a pair of horns on your head.


Message History

Your two-headed ogre hits KristoblXynda's ghost with a giant club!!
Your two-headed ogre misses KristoblXynda's ghost.
The gnoll sergeant barely misses you.
You feel sick.
The killer bee stings you but does no damage. x2
Your two-headed ogre completely misses KristoblXynda's ghost. x2
KristoblXynda's ghost hits your two-headed ogre.
KristoblXynda's ghost freezes your two-headed ogre.
Your two-headed ogre dies!
Your two-headed ogre's corpse disappears in a puff of smoke!
A killer bee comes into view.
You feel sick.
The killer bee buzzes angrily.
You hear an angry buzzing noise.
The killer bee stings you.
* * * LOW HITPOINT WARNING * * *
The killer bee stings you but does no damage.
You hear some strange, mumbled words.
A puff of flame appears from out of thin air!
The puff of flame hits you!
You die...

#.....# #.....#
.... #...W.# ....
#...§.# .... #.....
.... #######..†.#
.... #.......##g##
.%..##.....####..#
..........ggy†oy@#
....<......#####..#
....###.......)##.#
.... ####.g...# .#
$... #.....# y#
.... #.?...# .#
#### #.....# ..
#.....# .. ..$#


You could see a gnoll sergeant, 3 killer bees, KristoblXynda's ghost, 2 gnolls
and an orc.

Vanquished Creatures
  The ghost of gmonis the Basher, a novice MiBe of Trog (D:7)
  Grinder (D:3)
  Sigmund (D:2)
  A hungry ghost (D:7)
  Duvessa (D:6)
  An ice beast (D:5)
  2 black bears
  2 sky beasts
  3 orc warriors
  A phantom (D:6)
  2 ogres
  3 centaurs (D:5)
  5 bullfrogs
  Dowan (D:6)
  A wyvern skeleton (D:3)
  A water moccasin skeleton (D:4)
  2 scorpions
  5 killer bees (D:8)
  4 wights (D:6)
  A crimson imp (D:7)
  A bullfrog zombie (D:4)
  A quasit (D:6)
  A jelly (D:6)
  3 orc priests
  2 centaur zombies
  3 bullfrog skeletons
  2 hounds (D:5)
  Terence (D:2)
  An iguana (D:5)
  8 orc wizards
  6 worker ants
  Robin (D:2)
  A howler monkey skeleton (D:4)
  14 adders
  9 gnolls
  A shadow imp (D:6)
  2 oozes
  An adder skeleton (D:7)
  5 worms
  A dart slug (D:1)
  8 leopard geckos
  20 orcs
  5 ball pythons
  5 giant cockroaches
  7 hobgoblins
  13 jackals
  3 quokkas
  8 bats
  7 frilled lizards
  17 goblins
  12 kobolds
  A quokka skeleton (D:5)
  16 rats
225 creatures vanquished.

Vanquished Creatures (collateral kills)
  A killer bee (D:8)
1 creature vanquished.

Grand Total: 226 creatures vanquished

Notes
Turn   | Place    | Note
-------+----------+-------------------------------------------
     0 | D:1      | gmonis the Minotaur Berserker began the quest for the Orb.
     0 | D:1      | Reached XP level 1. HP: 19/19 MP: 0/0
   396 | D:1      | Reached XP level 2. HP: 27/27 MP: 1/1
   428 | D:1      | Reached skill level 4 in Maces & Flails
   613 | D:1      | Reached ** piety under Trog
  1202 | D:2      | Reached XP level 3. HP: 28/33 MP: 2/2
  1259 | D:2      | Noticed Robin
  1271 | D:2      | Killed Robin
  1271 | D:2      | Reached skill level 5 in Maces & Flails
  1802 | D:2      | Reached XP level 4. HP: 40/40 MP: 3/3
  1825 | D:2      | Noticed Sigmund
  1835 | D:2      | Killed Sigmund
  1835 | D:2      | Reached skill level 7 in Maces & Flails
  1835 | D:2      | Reached XP level 5. HP: 32/46 MP: 4/4
  2108 | D:2      | Found a radiant altar of Vehumet.
  2110 | D:2      | Noticed Terence
  2114 | D:2      | Killed Terence
  2180 | D:2      | Found a sacrificial altar of Ru.
  2221 | D:2      | Reached *** piety under Trog
  2221 | D:2      | Reached XP level 6. HP: 49/52 MP: 5/5
  2341 | D:2      | Reached skill level 8 in Maces & Flails
  2683 | D:2      | Found a burning altar of Makhleb.
  2780 | D:3      | Found a shimmering altar of Xom.
  2832 | D:3      | Noticed Grinder
  2833 | D:3      | Paralysed by Grinder for 2 turns
  2841 | D:3      | Paralysed by Grinder for 4 turns
  2853 | D:3      | Killed Grinder
  2853 | D:3      | Reached skill level 9 in Maces & Flails
  2853 | D:3      | Reached XP level 7. HP: 32/59 MP: 6/6
  3911 | D:4      | Reached skill level 10 in Maces & Flails
  3939 | D:4      | Reached **** piety under Trog
  3987 | D:4      | Found a glowing drain.
  3991 | Sewer    | Entered a sewer
  4956 | D:4      | Found a shadowy altar of Dithmenos.
  5029 | D:4      | Reached skill level 11 in Maces & Flails
  5262 | D:4      | Found a blossoming altar of Fedhas.
  5262 | D:4      | Found a shattered altar of Ashenzari.
  5313 | D:4      | Found an ornate altar of the Wu Jian Council.
  5425 | D:5      | Entered Level 5 of the Dungeon
  5604 | D:5      | Reached XP level 8. HP: 58/66 MP: 7/7
  5820 | D:5      | Reached ***** piety under Trog
  5820 | D:5      | Reached skill level 12 in Maces & Flails
  5868 | D:5      | You fall through a shaft for 3 floors!
  5973 | D:7      | Found a staircase to the Ecumenical Temple.
  5989 | Temple   | Entered the Ecumenical Temple
  6132 | D:7      | Noticed gmonis's ghost (novice MiBe)
  6155 | D:7      | Killed gmonis's ghost
  6155 | D:7      | Reached skill level 13 in Maces & Flails
  6155 | D:7      | Reached XP level 9. HP: 71/71 MP: 8/8
  6255 | D:7      | Reached skill level 14 in Maces & Flails
  6640 | D:6      | Reached skill level 5 in Armour
  6649 | D:6      | Noticed Duvessa
  6649 | D:6      | Noticed Dowan
  6669 | D:6      | Reached skill level 5 in Fighting
  6692 | D:6      | Killed Duvessa
  6694 | D:6      | Killed Dowan
  7108 | D:5      | Found a glowing golden altar of the Shining One.
  7780 | D:6      | Found a sparkling altar of Nemelex Xobeh.
  7968 | D:7      | Received a gift from Trog
  7992 | D:7      | Reached skill level 1 in Axes
  7992 | D:7      | Reached XP level 10. HP: 78/84 MP: 9/9
  8032 | D:7      | Found a white marble altar of Elyvilon.
  8648 | D:8      | Noticed KristoblXynda's ghost (novice NaGl)
  8654 | D:8      | HP: 2/84 [killer bee (4)]
  8654 | D:8      | Killed from afar by an orc wizard

Vault maps used:
D:1:      dpeg_arrival_subterranean_lakeside_camping, grunt_decor_arrowhead
D:2:      lemuel_crystal_altar, vehumet_crystals, lemuel_coloured_pillars_altar,
          uniq_sigmund, uniq_robin, uniq_terence
D:3:      overflow_temple_1_default, uniq_grinder
D:4:      kennysheep_little_box, grunt_dithmenos_smoke_and_mirrors,
          gammafunk_temple_overflow_elements, gup_sewer_entry_bowl,
          hangedman_abyss_or_decor_passed
D:5:      first_ration, minmay_ruined_shrine
D:6:      nemelex_xobeh_ov_fountains_minmay, uniq_duvessa
D:7:      elyvilon_altar_4, minmay_temple_entry_steel_oval
D:8:      minmay_the_grid_four_pointed_star, kennysheep_mini,
          dancing_weapons_uskayaw, serial_shops, shop, david_nohive_1
Temple:   nicolae_temple_figure_zero
Sewer:    sewer_co_scattered_pipes

Skill      XL: |  1  2  3  4  5  6  7  8  9 10 |
---------------+-------------------------------+-----
Fighting       | 4 6 |  6.6
Maces & Flails | 4 5 7 9 11 13 14 | 14.0
Armour         | 7 |  7.9
Axes           | 1 4 |  4.8
Dodging        | |  2.5

Action                   |  1- 3 |  4- 6 |  7- 9 | 10-12 || total
-------------------------+-------+-------+-------+-------++-------
Melee: Mace              |    84 |    57 |   441 |       ||   582
       Headbutt          |     8 |    12 |    90 |     7 ||   117
       Battleaxe         |       |       |     4 |    52 ||    56
Invok: Berserk           |     1 |     2 |     5 |     1 ||     9
       Trog's Hand       |       |       |       |     1 ||     1
       Brothers in Arms  |       |       |       |     1 ||     1
  Use: Scroll            |       |       |     5 |     1 ||     6
  Eat: Chunk             |     4 |     4 |    20 |     3 ||    31
       Ration            |       |       |     1 |       ||     1
Armor: Animal skin       |     5 |       |       |       ||     5
       Leather armour    |     9 |     7 |    24 |       ||    40
       Plate armour      |       |       |   180 |    59 ||   239
Dodge: Dodged            |    65 |    35 |   179 |    48 ||   327

Table legend:
 A = Spawn XP
 B = Non-spawn XP
 C = Spawn XP percentage of total XP
 D = Spawn monster count
 E = Non-spawn monster count
 F = Spawn count percentage of total count
 G = Total turns spent on level
                    A         B        C        D         E        F      G
               +---------+---------+-------+---------+---------+-------+---------
         Total |       0 |    6554 |   0.0 |       0 |     226 |   0.0 |  8654
               +---------+---------+-------+---------+---------+-------+---------
           D:1 |       0 |      39 |   0.0 |       0 |      26 |   0.0 |  1187
           D:2 |       0 |     375 |   0.0 |       0 |      40 |   0.0 |  1560
           D:3 |       0 |     503 |   0.0 |       0 |      25 |   0.0 |  1132
           D:4 |       0 |     352 |   0.0 |       0 |      14 |   0.0 |   689
           D:5 |       0 |     956 |   0.0 |       0 |      28 |   0.0 |   980
           D:6 |       0 |    1690 |   0.0 |       0 |      29 |   0.0 |  1076
           D:7 |       0 |    2031 |   0.0 |       0 |      32 |   0.0 |   976
           D:8 |       0 |     543 |   0.0 |       0 |      13 |   0.0 |    77
         Sewer |       0 |      65 |   0.0 |       0 |      19 |   0.0 |   857
               +---------+---------+-------+---------+---------+-------+---------
